Map: Mothership LE

Players

APEX

  • Race: Protoss Protoss
  • League: Master
  • Spawn Location: 1:00

SCIInewby - Winner!

  • Race: Zerg Zerg
  • League: Master
  • Spawn Location: 6:00

VOD

Have the link to the VOD?

Description

Time

  • Played on: Feb. 11, 2026, 11:38 a.m.
  • Length: 5:24
Show
View Real Time Build Order
Export as new Build Order

APEX Protoss 

Build Orders: Dark Templar Rush 

Get SALT Encoding   

  12  0:00  Probe  
  13  0:11  Probe  
  13  0:19  Probe  
  14  0:27  Pylon  
  15  0:37  Assimilator  
  15  0:39  Assimilator  
  15  0:54  Gateway  
  15  1:12  Probe  
  16  1:21  Probe  
  17  1:30  Probe  
  18  1:42  Probe  
  18  1:44  Cybernetics Core  
  19  1:48  Pylon  
  19  1:54  Probe  
  19  1:58  Pylon  
  19  2:25  Twilight Council  
  19  2:32  Stargate  
  19  2:56  Gateway  
  19  2:58  Gateway  
  19  3:04  Templar Archives  
  19  3:33  Dark Shrine  
  19  3:47  High Templar  
  17  3:52  Zealot  
  11  4:52  Pylon  
Show
View Real Time Build Order
Export as new Build Order

SCIInewby Zerg - Winner!

Build Orders: Hatch First 

Get SALT Encoding   

  12  0:02  Drone  
  13  0:12  Overlord  
  13  0:17  Drone  
  14  0:37  Drone  
  15  0:47  Hatchery  
  15  0:48  Drone  
  15  0:53  Drone  
  16  1:09  Spawning Pool  
  15  1:19  Drone x3  
  15  1:23  Extractor  
  17  1:32  Drone  
  18  1:37  Evolution Chamber  
  17  1:52  Drone  
  18  1:57  Zergling x2  
  19  2:02  Drone  
  19  2:04  Drone  
  19  2:05  Queen  
  23  2:09  Queen  
  25  2:19  Spine Crawler  
  25  2:21  Drone  
  25  2:28  Overlord  
  25  2:35  Zergling x4  
  27  2:40  Overlord  
  27  2:52  Queen  
  27  2:55  Drone  
  27  2:58  Drone  
  31  3:19  Drone x4  
  36  3:20  Drone x3  
  38  3:27  Zergling x6  
  38  3:29  Zergling x2  
  38  3:33  Zergling x2  
  41  3:51  Drone  
  41  3:52  Drone x2, Roach Warren  
  42  3:56  Extractor  
  42  3:57  Extractor  
  40  4:04  Drone x3  
  43  4:23  Overlord x3  
  43  4:30  Zergling x2  
  43  4:31  Zergling x2  
  43  4:33  Zergling x2  
  44  4:41  Spore Crawler  
  43  4:48  Zergling x8  
  43  4:49  Zergling x6  
Tags
 
Matchup
PvZ
Replay Pack
vannon
Spawn Locations
Cross Positions
Add a new tag
Caveats
  • Supply blocks, unpowered buildings, or Contaminate may cause inaccurate times.
  • Supply counts are checked every 10 seconds.